 Dungeon Crawl Stone Soup version 0.31-a0-845-g9abc20d24f (webtiles) character file.

Game seed: 6083012733976515481

99 Kurtz the Chopper (level 4, -6/31 HPs)
             Began as an Octopode Fighter on Oct 2, 2023.
             Mangled by Sigmund
             ... wielding a +0 scythe
              (11 damage)
             ... on level 3 of the Dungeon.
             The game lasted 00:01:29 (1727 turns).

Kurtz the Chopper (Octopode Fighter)                Turns: 1727, Time: 00:01:30

Health: -6/31      AC:  1    Str: 15    XL:     4   Next: 72%
Magic:  4/4        EV: 13    Int: 10    God:
Gold:   119        SH:  4    Dex: 13    Spells: 3/3 levels left

rFire   . . .        a - +0 war axe
rCold   . . .        b - +0 buckler
rNeg    . . .        (helmet restricted)
rPois   +            (no amulet)
rElec   .            p - ring of poison resistance
rCorr   .            (no ring)
SInv    .            (no ring)
Will    .....        (no ring)
Stlth   ++           (no ring)
HPRegen 0.25/turn    (no ring)
MPRegen 0.09/turn    (no ring)
                     (no ring)

%: no passive effects
@: no status effects
A: almost no armour, amphibious, 8 rings, camouflage 1, gelatinous body 1,
(nimble swimmer 1), tentacles
a: no special abilities


You were on level 3 of the Dungeon.
You visited 1 branch of the dungeon, and saw 3 of its levels.

You collected 119 gold pieces.

Inventory:

Hand Weapons
 a - a +0 war axe (weapon)
Missiles
 h - 2 javelins
Armour
 b - a +0 buckler (worn)
Jewellery
 p - a ring of poison resistance (left tentacle)
Wands
 n - a wand of roots (6)
Scrolls
 d - a scroll of blinking {unknown}
 f - 2 scrolls of noise {unknown}
 g - 2 scrolls of identify {unknown}
 l - a scroll of enchant weapon {unknown}
Potions
 c - a potion of might
 e - a potion of ambrosia
 i - a potion of enlightenment {unknown}
 j - a potion of lignification
 k - a potion of curing {unknown}
 m - a potion of attraction {unknown}
 o - a potion of degeneration {unknown}


   Skills:
 - Level 3.0 Fighting
 * Level 4.8 Axes
 - Level 3.0 Dodging
 - Level 3.0 Shields


You had 3 spell levels left.
You didn't know any spells.
Your spell library was empty.

Dungeon Overview and Level Annotations

Branches:
Dungeon (3/15)

Altars:

Shops:
D:3 =

Annotations:
D:3 Jessica, Sigmund


Innate Abilities, Weirdness & Mutations

You cannot wear most types of armour.
You are amphibious.
You can wear up to eight rings at the same time.
Your skin changes colour to match your surroundings (Stealth+).
Your rubbery body absorbs attacks. (AC +1, EV +1)
((You are camouflaged when in or above water. (Stealth+)))
You have tentacles for arms and can constrict up to eight enemies at once.


Message History

Jessica very coldly says, "I hate your company."
You swing at nothing.
You hear some strange, mumbled words.
You are more confused.
Something hits you!
You nearly hit yourself!
Jessica points at you and mumbles some strange words.
You swing at nothing.
Something hits you but does no damage.
You swing at nothing.
Something hits you but does no damage.
Jessica points at you and mumbles some strange words.
You swing at nothing.
You swing at nothing.
Your transformation is almost over.
Jessica gestures wildly while chanting.
Jessica seems to speed up.
Something hits you but does no damage.
You swing at nothing.
You feel less confused. Jessica gestures at you while chanting.
You swing at nothing.
Something hits you.
You swing at nothing.
Sigmund appears from thin air!
Reactivating autopickup.
Jessica shouts, "Stop bothering me, or I'll kill you!"
Sigmund hits you but does no damage.
You swing at nothing.
Sigmund hits you but does no damage.
You swing at nothing.
Sigmund hits you but does no damage.
You swing at nothing.
You swing at nothing.
Sigmund hits you from afar with a +0 scythe!
You swing at nothing.
You feel less wooden. Sigmund closely misses you.
Sigmund hits you with a +0 scythe!
* * * LOW HITPOINT WARNING * * *
You see here a frilled lizard corpse.
You hit Sigmund but do no damage. Your grab misses Sigmund.
You squeeze Sigmund!
Sigmund is moderately wounded.
Sigmund hits you with a +0 scythe!
You die...
Sigmund begins carving another notch in his scythe.

#.########..#..###### #
#.......##..#..#####
######.......##.........#####
.....'...........)..........#
######..................#####
#.####....########## #.#
#....# #.# ####.##########
...# #.# #..@@@.....# .(..#
#.# ########...# ....## #+#
#...# ......
########...###.....#
#..........@.......#
#.#########).......#
#........# ##.......#
#...#†.....#


You could see Sigmund and Jessica (fast).

Vanquished Creatures
  An adder (D:2)
  A worm (D:2)
  2 dart slugs
  An orc (D:3)
  3 endoplasms
  2 giant cockroaches
  6 goblins
  4 hobgoblins
  6 jackals
  A quokka (D:1)
  6 ball pythons
  6 bats
  6 frilled lizards
  5 kobolds
  7 rats
57 creatures vanquished.

Vanquished Creatures (others)
  An orc wizard (D:3)
1 creature vanquished.

Grand Total: 58 creatures vanquished

Notes
Turn   | Place    | Note
-------+----------+-------------------------------------------
     0 | D:1      | Kurtz the Octopode Fighter began the quest for the Orb.
     0 | D:1      | Reached XP level 1. HP: 16/16 MP: 1/1
    97 | D:1      | Reached XP level 2. HP: 20/21 MP: 2/2
   232 | D:1      | Reached skill level 3 in Axes
   344 | D:1      | Reached XP level 3. HP: 26/26 MP: 3/3
  1028 | D:2      | Reached skill level 4 in Axes
  1215 | D:2      | Reached XP level 4. HP: 30/31 MP: 4/4
  1560 | D:3      | Found a faded altar of an unknown god.
  1684 | D:3      | Noticed Sigmund
  1686 | D:3      | Found Sisefiott's One-of-a-Kind Rings.
  1686 | D:3      | Noticed Jessica
  1727 | D:3      | Mangled by Sigmund

Illustrated notes

Levels and vault maps discovered:
D:1:      roderic_chinese_lattice_arrival, layout_basic
D:2:      layout_basic
D:3:      layout_basic, okawaru_altar_gauntlet_db, nicolae_vehumet_altar_sigil,
          shapermc_ecumenical_altar_hornbeckon, grunt_ministairs_2,
          solitary_fountain, nicolae_shop_unique_rings, uniq_jessica,
          uniq_sigmund

Skill      XL: |  1  2  3 |
---------------+----------+-----
Axes           | 3 4 |  4.8
Fighting       | |  3.0
Dodging        | |  3.0
Shields        | |  3.0

Action                     |  1- 3 |  4- 6 || total
---------------------------+-------+-------++-------
  Melee: War axe           |    71 |    22 ||    93
         Constrict         |    21 |     3 ||    24
         Tentacles         |    13 |     4 ||    17
    Use: Potion            |       |     2 ||     2
   Stab: Sleeping          |     8 |     3 ||    11
         Distracted        |     1 |       ||     1
 Armour: Skin              |    17 |    33 ||    50
  Dodge: Dodged            |    43 |    10 ||    53
  Block: Buckler           |    18 |     2 ||    20

Table legend: (Time is in decaauts)
 A = Elapsed time spent in this place.
 B = Non-inter-level travel time spent in this place.
 C = Inter-level travel time spent in this place.
 D = Time resting spent in this place.
 E = Time spent auto-exploring this place.
 F = Levels seen in this place.
 G = Mean time per level.
                   A        B        C        D        E       F      G
               +--------+--------+--------+--------+--------+-----+--------+
         Total |   1764 |   1738 |     26 |     36 |   1321 |   3 |  588.0 |
       Dungeon |   1764 |   1738 |     26 |     36 |   1321 |   3 |  588.0 |
               +--------+--------+--------+--------+--------+-----+--------+

Top non-repeatable levels by time:
     D:2: 794 daAuts
     D:1: 681 daAuts
     D:3: 287 daAuts
